 Dungeon Crawl Stone Soup version 0.28.0-53-g5a82cb258f (webtiles) character file.

Game seed: 15566113958956631360

445 Infinimo the Skirmisher (level 7, -1/72 HPs)
             Began as an Ogre Gladiator on June 3, 2022.
             Slain by a quokka (3 damage)
             ... on level 3 of the Dungeon.
             The game lasted 00:04:09 (4598 turns).

Infinimo the Skirmisher (Ogre Gladiator)            Turns: 4598, Time: 00:04:10

Health: -1/72      AC: -5    Str: 21    XL:     7   Next: 3%
Magic:  7/7        EV: 10    Int:  9    God:
Gold:   136        SH:  0    Dex: 10    Spells: 6/6 levels left

rFire   . . .      SeeInvis .   a - +0 flail
rCold   . . .      Faith    .   (no shield)
rNeg    . . .      Spirit   .   b - +0 robe
rPois   .          Reflect  .   c - +0 hat
rElec   .          Harm     .   (no cloak)
rCorr   .          Rampage  .   (gloves unavailable)
Will    .....                   (boots unavailable)
Stlth   +.........              (no amulet)
HPRegen 0.22/turn               (no ring)
MPRegen 0.10/turn               (no ring)

@: corroded, studying Summonings
A: large, unfitting armour, tough skin 1
a: no special abilities


You were on level 3 of the Dungeon.
You visited 1 branch of the dungeon, and saw 4 of its levels.

You collected 136 gold pieces.

Inventory:

Hand Weapons
 a - a +0 flail (weapon)
Missiles
 d - 3 throwing nets (quivered)
 i - 6 javelins
 r - 3 poisoned darts
Armour
 b - a +0 robe (worn)
 c - a +0 hat (worn)
Wands
 f - a wand of polymorph (2)
Scrolls
 g - 2 scrolls of blinking {unknown}
 h - a scroll of magic mapping {unknown}
 k - a scroll of acquirement {unknown}
 l - a scroll of holy word {unknown}
 m - a scroll of teleportation {unknown}
 p - a scroll of summoning {unknown}
Potions
 j - a potion of haste
 n - a potion of flight
 o - a potion of might
 q - a potion of attraction


   Skills:
 + Level 5.3 Fighting
 * Level 5.2 Maces & Flails
 - Level 2.0 Throwing
 + Level 4.2 Dodging


You had 6 spell levels left.
You didn't know any spells.
Your spell library contained the following spells:

 Spells                   Type           Power      Damage    Failure   Level
 Ozocubu's Armour         Ice            0%         N/A       77%         3
 Ozocubu's Refrigeration  Ice            0%         4d5       100%        7


Dungeon Overview and Level Annotations

Branches:
Dungeon (4/15)
 Temple: D:4-7

Altars:

Annotations:
D:3 1 runed translucent door, Crazy Yiuf


Innate Abilities, Weirdness & Mutations

You are too large for most types of armour.
You have tough skin. (AC +1)


Message History

You barely miss the jelly.
The jelly is severely wounded.
The quokka bites you. The ball python bites you.
The jelly hits you but does no damage. The quokka bites you.
You hit the jelly.
Your hands burn!
The jelly is almost dead.
The ball python bites you but does no damage.
The quokka barely misses you. The jelly hits you. The acid corrodes you!
You are splashed with acid!
A hobgoblin comes into view.
You hit the jelly but do no damage.
Your hands burn!
The jelly is almost dead.
The ball python bites you. The quokka misses you. The jelly hits you.
The acid corrodes you!
You are splashed with acid!
The ball python bites you.
You are too injured to fight recklessly!
You are too injured to fight recklessly!
The quokka bites you.
The jelly jiggles.
The jelly hits you.
You are splashed with acid!
* * * LOW HITPOINT WARNING * * *
The ball python bites you.
* * * LOW HITPOINT WARNING * * *
The quokka barely misses you.
You climb upwards.
Level annotation: 1 runed translucent door, Crazy Yiuf
There is a stone staircase leading down here.
Unknown command.
Okay, then.
The jelly hits you.
* * * LOW HITPOINT WARNING * * *
You are splashed with acid!
* * * LOW HITPOINT WARNING * * *
The quokka bites you.
* * * LOW HITPOINT WARNING * * *
The ball python bites you.
* * * LOW HITPOINT WARNING * * *
The quokka barely misses you. The ball python barely misses you.
The quokka bites you.
You die...

#)####....######.#
#.............##.#
#.####..####...#.#
#.####..###......#
#................#
#####.####......>....#
########...#.## #.###.......###
#........#....###.....#........
#.######......@rS.........#####
#.# ####...###J#.#.##..# #.#
##.#........##..# #.#
################ ## #.#### #.
#....##########################
#..#..#.#.#.#.#(#.#.#.#.#.#.#.(
#..#.#.#.#.#.#.#.#.#.#.#.#.#.#.
#..#..###.###.###.###.###^###..


You could see a jelly, a quokka and a ball python.

Vanquished Creatures
  Sigmund (D:2)
  An iguana (D:3)
  Terence (D:2)
  Natasha (twice) (D:3)
  Robin (D:3)
  3 adders (D:2)
  5 gnolls
  A worm (D:2)
  3 dart slugs
  An orc (D:3)
  8 ball pythons
  12 endoplasms
  2 giant cockroaches (D:1)
  8 hobgoblins
  6 kobolds
  3 quokkas
  8 bats
  4 frilled lizards
  19 goblins
  4 rats
93 creatures vanquished.

Notes
Turn   | Place    | Note
-------+----------+-------------------------------------------
     0 | D:1      | Infinimo the Ogre Gladiator began the quest for the Orb.
     0 | D:1      | Reached XP level 1. HP: 22/22 MP: 1/1
    36 | D:1      | You fall into a shaft and drop 1 floor!
    36 | D:2      | Noticed Sigmund
    55 | D:2      | Killed Sigmund
    56 | D:2      | Reached XP level 2. HP: 16/32 MP: 2/2
    56 | D:2      | Reached XP level 3. HP: 19/39 MP: 3/3
    56 | D:2      | Reached XP level 4. HP: 24/48 MP: 4/4
    56 | D:2      | Reached XP level 5. HP: 27/54 MP: 5/5
  1643 | D:1      | Found a faded altar of an unknown god.
  2088 | D:2      | Reached XP level 6. HP: 54/63 MP: 6/6
  2562 | D:2      | Noticed Terence
  2576 | D:2      | Killed Terence
  3164 | D:3      | Reached skill level 5 in Fighting
  3349 | D:3      | Noticed Natasha
  3360 | D:3      | Killed Natasha
  3361 | D:3      | Reached skill level 5 in Maces & Flails
  3503 | D:3      | Noticed Natasha
  3510 | D:3      | Killed Natasha
  3610 | D:3      | Noticed Robin
  3801 | D:3      | Killed Robin
  4151 | D:3      | Found a runed translucent door.
  4152 | D:3      | Noticed Crazy Yiuf
  4200 | D:3      | Reached XP level 7. HP: 24/72 MP: 7/7
  4590 | D:3      | HP: 2/72 [quokka (2)]
  4598 | D:3      | Slain by a quokka

Illustrated notes

Levels and vault maps discovered:
D:1:      lightli_arrival_farm, layout_loops_corners,
          ebering_ecumenical_altar_abandoned, chequers_serial_rivers_micro_b,
          st_stairs_9
D:2:      minmay_razor_zed, layout_basic, uniq_sigmund, uniq_terence
D:3:      layout_loops_ring, roderic_roman_lattice, item_on_display_a,
          uniq_crazy_yiuf_cottage, uniq_robin, uniq_natasha
D:4:      layout_cave_pools, uniq_pikel, uniq_eustachio

Skill      XL: |  1  2  3  4  5  6 |
---------------+-------------------+-----
Fighting       | 4 5 |  5.3
Maces & Flails | 4 5 |  5.2
Dodging        | 3 4 |  4.2
Throwing       | |  2.0

Action                   |  1- 3 |  4- 6 |  7- 9 || total
-------------------------+-------+-------+-------++-------
Melee: Unarmed           |     8 |       |       ||     8
       Flail             |     2 |   269 |     5 ||   276
Throw: Javelin           |       |     8 |       ||     8
       Throwing net      |       |     1 |       ||     1
  Use: Scroll            |       |       |     4 ||     4
 Stab: Sleeping          |       |     2 |       ||     2
Armor: Skin              |     5 |       |       ||     5
       Robe              |     2 |    98 |     3 ||   103
Dodge: Dodged            |     2 |   176 |    12 ||   190
